Map: Ruins of Seras

Players

Miszu

  • Race: Terran Terran
  • League: Master

dsVoLt - Winner!

  • Race: Protoss Protoss
  • League: Master

VOD

Have the link to the VOD?

Description

Time

  • Played on: Feb. 5, 2016, 7:19 a.m.
  • Length: 5:09
Show
View Real Time Build Order
Export as new Build Order

Miszu Terran 

Build Orders: Command Center First (CC) 

Get SALT Encoding   

  12  0:01  SCV  
  13  0:13  SCV  
  14  0:17  Supply Depot  
  14  0:25  SCV  
  15  0:39  SCV  
  16  0:51  SCV  
  17  1:03  SCV  
  18  1:06  Command Center  
  18  1:15  SCV  
  19  1:21  Barracks  
  19  1:27  SCV  
  20  1:39  SCV  
  21  1:40  Barracks  
  21  1:52  SCV  
  21  1:53  Barracks  
  22  2:07  Orbital Command  
  22  2:08  Marine  
  23  2:20  Orbital Command  
  23  2:26  Marine  
  23  2:27  Marine  
  25  2:33  SCV  
  25  2:36  Refinery  
  26  2:38  Refinery  
  26  2:41  Marine  
  27  2:44  Marine  
  27  2:45  SCV  
  27  2:46  SCV  
  27  2:48  Marine  
  31  2:57  SCV  
  33  2:58  SCV  
  33  3:02  Marine x2  
  33  3:05  Supply Depot  
  35  3:07  Barracks Tech Lab  
  35  3:09  SCV  
  36  3:15  SCV  
  37  3:20  Marine  
  37  3:26  Marine  
  39  3:27  Marine  
  39  3:28  Supply Depot  
  39  3:29  SCV x2  
  42  3:38  Marine  
  43  3:41  SCV  
  43  3:44  Marine  
  43  3:45  Marine  
  43  3:46  Factory  
  43  3:48  Refinery  
  46  3:49  SCV  
  46  3:50  Supply Depot  
  46  3:53  SCV  
  48  4:01  Marine, SCV  
  48  4:02  Marine  
  51  4:06  Engineering Bay, SCV  
  52  4:11  Marine  
  52  4:13  SCV  
  52  4:16  Supply Depot  
  52  4:18  SCV  
  50  4:25  SCV  
  50  4:30  SCV  
  47  4:33  Marine  
  47  4:38  SCV  
  45  4:42  SCV  
  46  4:47  Marine  
  46  4:50  SCV  
  50  4:54  SCV  
Show
View Real Time Build Order
Export as new Build Order

dsVoLt Protoss - Winner!

Build Orders: 1 Gate Expand, Oracle Opening 

Get SALT Encoding   

  12  0:01  Probe (Chrono Boost)  
  13  0:11  Probe (Chrono Boost)  
  14  0:19  Pylon  
  14  0:23  Probe (Chrono Boost)  
  15  0:37  Probe (Chrono Boost)  
  15  0:38  Gateway  
  16  0:46  Assimilator  
  16  0:50  Probe (Chrono Boost)  
  17  1:01  Probe (Chrono Boost)  
  19  1:11  Probe (Chrono Boost)  
  19  1:23  Nexus  
  19  1:25  Probe (Chrono Boost)  
  20  1:35  Cybernetics Core  
  20  1:37  Probe (Chrono Boost)  
  21  1:44  Assimilator  
  21  1:48  Probe (Chrono Boost)  
  21  1:53  Pylon  
  22  1:58  Probe (Chrono Boost)  
  23  2:10  Probe (Chrono Boost)  
  23  2:12  Warp Gate  
  23  2:15  Adept (Chrono Boost)  
  26  2:21  Probe  
  27  2:31  Probe  
  27  2:34  Stargate, Probe  
  29  2:42  Probe  
  32  2:45  Probe  
  32  2:47  Stalker (Chrono Boost)  
  33  2:52  Probe  
  33  2:55  Probe  
  35  3:03  Probe  
  36  3:06  Probe  
  36  3:07  Gateway  
  37  3:14  Probe  
  37  3:16  Probe  
  37  3:17  Oracle (Chrono Boost)  
  42  3:25  Pylon  
  42  3:27  Probe x2  
  44  3:37  Probe  
  44  3:39  Probe  
  44  3:46  Twilight Council  
  44  3:48  Probe (Chrono Boost)  
  44  3:51  Mothership Core (Chrono Boost)  
  47  3:56  Nexus  
  47  4:00  Probe (Chrono Boost)  
  47  4:01  Pylon  
  48  4:04  Assimilator  
  48  4:07  Assimilator  
  48  4:10  Probe (Chrono Boost)  
  48  4:11  Probe (Chrono Boost)  
  50  4:18  Stalker  
  50  4:21  Probe (Chrono Boost)  
  50  4:22  Stalker, Probe (Chrono Boost)  
  56  4:31  Oracle (Chrono Boost), Pylon, Probe (Chrono Boost)  
  59  4:48  Pylon  
  59  4:49  Pylon, Probe  
  59  4:52  Stalker  
Tags
 
Add a new tag
Caveats
  • Supply blocks, unpowered buildings, or Contaminate may cause inaccurate times.
  • Supply counts are checked every 10 seconds.